 Dungeon Crawl Stone Soup version 0.26.1-11-gd32895ea62 (webtiles) character file.

Game seed: 8475137030417965632

8307 phalm the Destroyer (level 11, -5/83 HPs)
             Began as a Demonspawn Conjurer on June 19, 2021.
             Was an Initiate of Gozag.
             Slain by a cyclops (8 damage)
             ... on level 11 of the Dungeon.
             The game lasted 00:34:30 (15488 turns).

phalm the Destroyer (Demonspawn Conjurer)          Turns: 15488, Time: 00:34:31

Health: -5/83      AC: 11    Str:  7    XL:     11   Next: 8%
Magic:  18/20      EV: 12    Int: 23    God:    Gozag
Gold:   251        SH:  5    Dex: 12    Spells: 11/22 levels left

rFire    + . .     SeeInvis .   a - +1 short sword of the Ecumenical Temple {speed, Will+}
rCold    + + .     Faith    .   o - +0 buckler
rNeg     + . .     Spirit   .   j - +0 robe
rPois    +         Reflect  .   (no helmet)
rElec    +         Harm     .   (no cloak)
rCorr    +         Rampage  .   X - +0 pair of gloves
Will     +....                  d - +0 pair of boots
Stlth    ++........             G - amulet of magic regeneration
HPRegen  0.23/turn              N - ring of positive energy
MPRegen  0.42/turn              O - +4 ring of protection

@: resistant, berserk cooldown, very slightly contaminated, slowed, invisible,
very slow
A: claws 1, icy blue scales 2, cold resistance 1, powered by death 1
a: Renounce Religion, Potion Petition, Call Merchant, Bribe Branch


You were on level 11 of the Dungeon.
You worshipped Gozag.
Gozag was aware of your devotion.
You visited 2 branches of the dungeon, and saw 12 of its levels.
You also visited: Sewer.

You collected 1473 gold pieces.
You paid 1222 gold pieces to Gozag.


Innate Abilities, Weirdness & Mutations

You have sharp fingernails.
You are mostly covered in icy blue scales. (AC +3)
Your flesh is cold resistant. (rC+)
You regenerate a little health from kills.


   Skills:
 + Level 6.5 Fighting
 - Level 1.7 Dodging
 - Level 1.7 Stealth
 - Level 4.0 Shields
 + Level 6.4 Spellcasting
 * Level 9.8 Conjurations
 - Level 7.0 Hexes
 * Level 6.7 Translocations


You had 11 spell levels left.
You knew the following spells:

 Your Spells              Type           Power        Failure   Level
f - Fulminant Prism       Conj/Hex       23%          2%          4
m - Magic Dart            Conj           100%         1%          1
s - Searing Ray           Conj           100%         1%          2
X - Iskenderun's Mystic   Conj/Tloc      45%          2%          4

Your spell library contained the following spells:

 Spells                   Type           Power        Failure   Level
 Corona                   Hex            43%          1%          1
 Confusing Touch          Hex            39%          1%          3
 Dazzling Flash           Conj/Hex       92%          1%          3
 Tukima's Dance           Hex            39%          1%          3
 Ensorcelled Hibernation  Hex/Ice        46%          3%          2

Inventory:

Hand Weapons
 a - the +1 short sword of the Ecumenical Temple (weapon) {speed, Will+}
   (You found it on level 7 of the Dungeon)

   Attacks with this weapon are significantly faster.
   It affects your willpower, your defense against some magical effects.
 b - a +0 hand crossbow
   (You found it on level 6 of the Dungeon)
 H - a +0 hunting sling
   (You found it on level 1 of the Dungeon)
 S - a +3 spear of venom
   (You took it off a wight on level 6 of the Dungeon)
Missiles
 i - 472 stones
 r - 206 arrows
 s - 109 sling bullets
 u - 4 poisoned darts (quivered)
 v - 3 atropa-tipped darts
 K - 33 bolts
 P - 2 boomerangs
 Y - 7 curare-tipped darts {=f}
Armour
 c - a +0 kite shield
   (You found it on level 5 of the Dungeon)
 d - a +0 pair of boots (worn)
   (You found it on level 1 of the Dungeon)
 j - a +0 robe (worn)
 o - a +0 buckler (worn)
   (You took it off a kobold on level 3 of the Dungeon)
 X - a +0 pair of gloves (worn)
   (You found it on level 7 of the Dungeon)
Jewellery
 F - an uncursed ring of fire
   (You found it on level 7 of the Dungeon)
 G - an amulet of magic regeneration (around neck)
   (You took it off a wight on level 6 of the Dungeon)
 L - an uncursed ring of flight
   (You took it off a hobgoblin on level 3 of the Dungeon)
 N - a ring of positive energy (left hand)
   (You found it on level 5 of the Dungeon)
 O - a +4 ring of protection (right hand)
   (You found it on level 5 of the Dungeon)
 R - an uncursed ring of resist corrosion
   (You found it on level 1 of the Dungeon)
Wands
 q - a wand of iceblast (6)
   (You found it on level 10 of the Dungeon)
 J - a wand of digging (13)
   (You found it on level 7 of the Dungeon)
 Q - a wand of flame (29)
   (You took it off Grinder on level 6 of the Dungeon)
 V - a wand of random effects (19)
   (You found it on level 10 of the Dungeon)
Scrolls
 e - 2 scrolls of magic mapping {!r}
 k - 6 scrolls of remove curse {@r2}
 l - 3 scrolls of fog
 m - 3 scrolls of blinking {!r}
 n - 4 scrolls of noise {!r}
 p - 2 scrolls of amnesia
 w - a scroll of enchant armour
 y - 2 scrolls of enchant weapon
 A - a scroll of brand weapon
 B - 7 scrolls of teleportation {unknown}
 W - 2 scrolls of immolation {!r!r}
 Z - 3 scrolls of silence {!r}
Potions
 f - 2 potions of invisibility
 g - 2 potions of ambrosia
 h - 9 potions of flight
 t - 2 potions of haste {@q3}
 x - a potion of heal wounds {@q2}
 z - 3 potions of curing {@q1}
 E - a potion of degeneration {unknown}
 I - a potion of resistance {unknown}
 M - a potion of might {unknown}
 T - a potion of attraction {unknown}
 U - a potion of mutation {unknown}

Dungeon Overview and Level Annotations

Branches:
Dungeon (11/15)            Temple (1/1) D:7             Orc (0/2) D:10
  Sewer (visited)
   Lair: D:8-11

Altars:
Ashenzari
Cheibriados
Dithmenos
Elyvilon
Fedhas
Gozag
Hepliaklqana
Kikubaaqudgha
Makhleb
Nemelex Xobeh
Okawaru
Qazlal
Ru
Sif Muna
Trog
Uskayaw
Vehumet
Wu Jian
Xom
Yredelemnul
Zin
The Shining One

Annotations:
D:3 2 transporters, buriedalive's ghost, amateur DEIE
D:8 3 runed translucent doors, Cheops's ghost, novice KoEE

$ ###........#
#..#
##..........#
###
##............#
#.(..........##
#...........##
##(........##
##.......##
#.....###
#@.#### #C##
...C....#
........#
......<##
....... ......#
...... ......


You could see a cyclops.


Message History

There is a stone staircase leading down here.
You climb downwards.
There is a stone staircase leading up here.
You now have 950 gold pieces (gained 17).
There is a stone staircase leading up here.
C - a scroll of identify {@r1}
As you read the scroll of identify {@r1}, it crumbles to dust.
Z - 3 scrolls of silence You now have 964 gold pieces (gained 14).
Found a stone staircase leading up.
A cyclops comes into view.
The cyclops shouts!
The cyclops throws a large rock.
The large rock hits you!
You see here a large rock {=f}. 😕 HP[-16]
You take 16 damage, and now have 67/83 hp.
You throw a poisoned dart. The poisoned dart hits the cyclops.
The cyclops is poisoned.
The cyclops throws a large rock.
The large rock hits you!! 😮 HP[-17]
You take 17 damage, and now have 50/83 hp.
MASSIVE DAMAGE!! (PAUSE)
Casting: Searing Ray (safe; 1% risk of failure)
Confirm with . or Enter, or press ? or * to list all spells.
Aiming: Searing Ray (safe; 1% risk of failure)
Press: ? - help, Shift-Dir - straight line, f/p - cyclops
Aim: a cyclops, quivering 3 large rocks (poisoned, 2% to evade)
The searing ray hits the cyclops! (Press . to maintain the ray.)
The cyclops throws a large rock.
The large rock hits you!!!
Ouch! That really hurt!
* * * LOW HITPOINT WARNING * * *
😱 HP[-43] MP[-2]
You take 43 damage, and now have 7/83 hp.
MASSIVE DAMAGE!! (PAUSE)
You lost 2 mp, and now have 18/20 mp. 😱 MP[+1] 😱 HP[+1] MP[+1]
Your mp is fully restored (20).
Aiming: Iceblast
Press: ? - help, Shift-Dir - straight line The mass of ice explodes!
Aiming: Iceblast
Press: ? - help, Shift-Dir - straight line The mass of ice explodes!
Aiming: Iceblast
Press: ? - help, Shift-Dir - straight line, f - cyclops
Aim: a cyclops, quivering 2 large rocks (moderately wounded)
The mass of ice explodes!
The iceblast engulfs the cyclops!
The cyclops throws a large rock.
The large rock hits you.
* * * LOW HITPOINT WARNING * * *
😱 HP[-2]
You take 2 damage, and now have 6/83 hp. [a] - 713 gold - resistance, invisibility, heal wounds, curing and berserk rage [b] - 648 gold - haste, lignification, might and resistance [c] - 264 gold - curing and magic Purchase which effect?
You no longer have enough gold to petition Gozag for potion effects.
You no longer have enough gold to fund merchants seeking to open stores in the dungeon.
You feel protected.
You fade into invisibility!
You feel much better.
You feel better.
A red film seems to cover your vision as you go berserk!
You feel yourself moving faster!
You feel mighty!
You are very lightly contaminated with residual magic. 😨 HP[+55]
You now have 124 max hp (+41).
You regained 55 hp, and now have 61/124 hp.
Unknown command.
You feel a strong urge to attack something.
The cyclops throws a large rock.
The large rock barely misses you.
You are too injured to fight recklessly!
You feel your anger nearly subside.
You hit the cyclops. 😨 HP[+1]
You hit the cyclops.
You are no longer berserk.
You are exhausted.
You feel yourself slow down. 😨 HP[-21]
You now have 83 max hp (-41).
You barely miss the cyclops. The cyclops hits you!!
* * * LOW HITPOINT WARNING * * *
😱 HP[-31]
You take 31 damage, and now have 10/83 hp.
MASSIVE DAMAGE!! (PAUSE)
Casting: Searing Ray (safe; 1% risk of failure)
Confirm with . or Enter, or press ? or * to list all spells.
Aiming: Searing Ray (safe; 1% risk of failure)
Press: ? - help, Shift-Dir - straight line, f/p - cyclops
Aim: a cyclops (severely wounded, 2% to evade)
The searing ray hits the cyclops. (Press . to maintain the ray.)
The cyclops hits you!
* * * LOW HITPOINT WARNING * * *
😱 HP[-7] MP[-2]
You take 7 damage, and now have 3/83 hp.
You lost 2 mp, and now have 18/20 mp.
The searing ray hits the cyclops!
The cyclops hits you!
You die...
Your body crumbles into a pile of gold.

Skill      XL: |  1  2  3  4  5  6  7  8  9 10 |
---------------+-------------------------------+-----
Fighting       | 1 2 3 4 5 6 |  6.5
Conjurations   | 5 6 7 8 9 |  9.8
Spellcasting   | 3 4 5 6 |  6.4
Hexes          | 1 3 5 7 |  7.0
Translocations | 1 3 4 6 |  6.7
Shields        | 1 3 4 |  4.0
Dodging        | |  1.7
Stealth        | |  1.7

Action                   |  1- 3 |  4- 6 |  7- 9 | 10-12 || total
-------------------------+-------+-------+-------+-------++-------
Melee: Unarmed           |     4 |       |       |       ||     4
       Dagger            |     8 |     3 |       |       ||    11
       Short sword       |       |     3 |    24 |    44 ||    71
       Spear             |       |       |    12 |       ||    12
 Fire: Hunting sling     |    37 |    33 |       |       ||    70
       Hand crossbow     |       |       |     3 |       ||     3
Throw: Dart              |       |     2 |    39 |    20 ||    61
       Stone             |       |       |       |     5 ||     5
       Boomerang         |       |       |       |     1 ||     1
 Cast: Magic Dart        |    43 |    42 |   147 |    92 ||   324
       Searing Ray       |     4 |    24 |    70 |    63 ||   161
       Fulminant Prism   |       |       |    12 |     2 ||    14
       Iskenderun's Myst |       |       |     5 |    11 ||    16
Invok: Potion Petition   |       |       |       |     2 ||     2
 Abil: Evoke Flight      |       |       |     3 |       ||     3
Evoke: Wand              |       |     1 |     6 |    16 ||    23
  Use: Scroll            |       |       |    13 |     7 ||    20
Armor: Robe              |     8 |    25 |    53 |    47 ||   133
Dodge: Dodged            |    14 |    44 |    85 |    92 ||   235
Block: Buckler           |       |       |    26 |    53 ||    79

Levels and vault maps discovered:
D:1:      amcnicky_arrival_single_pillar, layout_loops_ring
D:2:      lemuel_upstairs_altar, layout_basic, amethyst_killhole
D:3:      layout_rooms, gammafunk_ghost_smash, uniq_ijyb
D:4:      layout_basic, gammafunk_temple_overflow_pools
D:5:      minmay_chambers_of_threes, layout_cave_pools, st_stairs_11
D:6:      layout_cave_pools, portal_sewer_entry_a, uniq_grinder
D:7:      layout_basic, marbit_many_paths, minmay_temple_entry_overgrown,
          serial_glass, glass_columns_a, glass_columns_a, lemuel_oklob_altar
D:8:      layout_loops_ring, makhleb_altar_promises_db,
          gammafunk_ghost_hydra_chop, basic_altar
D:9:      layout_irregular_city, chequers_temple_overflow_minitemple, hex_tiny
D:10:     layout_rooms, zombieorc2_lemuel, st_stairs_9, uniq_nergalle
D:11:     layout_cave_pods, lair_entry_dummy, enter_trove_3
Temple:   nicolae_temple_figure_eight

Notes
Turn   | Place    | Note
-------+----------+-------------------------------------------
     0 | D:1      | phalm the Demonspawn Conjurer began the quest for the Orb.
     0 | D:1      | Reached XP level 1. HP: 13/13 MP: 3/3
     0 | D:1      | magus.rc [v1.9.10]
   336 | D:1      | Gained mutation: Your flesh is cold resistant. (rC+)
                  | [demonic ancestry]
   336 | D:1      | Reached XP level 2. HP: 20/20 MP: 0/5
   989 | D:2      | Reached skill level 1 in Fighting
  1078 | D:2      | Gained mutation: You have sharp fingernails. [demonic
                  | ancestry]
  1078 | D:2      | Reached XP level 3. HP: 26/26 MP: 4/6
  1082 | D:2      | Learned a level 2 spell: Searing Ray
  1498 | D:2      | Gained mutation: You are partially covered in icy blue
                  | scales. (AC +2) [demonic ancestry]
  1498 | D:2      | Reached XP level 4. HP: 29/32 MP: 0/7
  2259 | D:2      | Reached skill level 5 in Conjurations
  2825 | D:3      | Reached skill level 2 in Fighting
  2990 | D:3      | Noticed Ijyb
  2996 | D:3      | Killed Ijyb
  2997 | D:3      | Reached XP level 5. HP: 38/38 MP: 3/9
  3178 | D:3      | Found a transporter.
  3179 | D:3      | Found a transporter.
  3179 | D:3      | Noticed buriedalive's ghost (amateur DEIE)
  3179 | D:3      | Noticed an ogre
  3180 | D:3      | Noticed an ogre
  3224 | D:3      | Reached skill level 3 in Spellcasting
  3510 | D:2      | Found a stormy altar of Qazlal.
  3880 | D:4      | Reached skill level 6 in Conjurations
  3880 | D:4      | Reached XP level 6. HP: 46/46 MP: 5/11
  3890 | D:4      | Reached skill level 3 in Fighting
  4429 | D:4      | Found an ornate altar of the Wu Jian Council.
  4430 | D:4      | Found a basalt altar of Yredelemnul.
  4482 | D:4      | You fall into a shaft and drop 1 floor!
  4482 | D:5      | Entered Level 5 of the Dungeon
  4592 | D:4      | Gained mutation: You are mostly covered in icy blue scales.
                  | (AC +3) [demonic ancestry]
  4592 | D:4      | Reached XP level 7. HP: 51/52 MP: 8/12
  5072 | D:5      | Reached skill level 4 in Spellcasting
  5199 | D:5      | Reached skill level 7 in Conjurations
  5489 | D:5      | Learned a level 4 spell: Fulminant Prism
  5494 | D:5      | Learned a level 4 spell: Iskenderun's Mystic Blast
  5844 | D:5      | Reached skill level 4 in Fighting
  6139 | D:5      | Reached skill level 1 in Hexes
  6195 | D:5      | Reached skill level 1 in Translocations
  6390 | D:6      | Noticed Grinder
  6398 | D:6      | Paralysed by Grinder for 7 turns
  6409 | D:6      | Killed Grinder
  6410 | D:6      | Reached skill level 1 in Shields
  6410 | D:6      | Gained mutation: You regenerate a little health from kills.
                  | [demonic ancestry]
  6410 | D:6      | Reached XP level 8. HP: 22/60 MP: 1/14
  6509 | D:6      | Found a glowing drain.
  6575 | Sewer    | Entered a sewer
  7457 | D:6      | Reached skill level 2 in Hexes
  7527 | D:6      | Reached skill level 2 in Shields
  7527 | D:6      | Reached skill level 2 in Translocations
  8007 | D:6      | Reached skill level 8 in Conjurations
  8007 | D:6      | Reached skill level 3 in Hexes
  8259 | D:7      | You pick up a book of Maledictions and begin reading...
  8259 | D:7      | You add the spells Corona, Ensorcelled Hibernation,
                  | Confusing Touch and Tukima's Dance to your library.
  8301 | D:7      | Reached skill level 3 in Shields
  8301 | D:7      | Reached skill level 3 in Translocations
  8389 | D:7      | Found a snail-covered altar of Cheibriados.
  8389 | D:7      | Noticed an oklob plant
  8415 | D:7      | Reached XP level 9. HP: 61/66 MP: 7/16
  8583 | D:7      | HP: 13/66 [acid (9)]
  8637 | D:7      | Killed an oklob plant
  8638 | D:7      | Reached skill level 5 in Spellcasting
  9358 | D:7      | Found a staircase to the Ecumenical Temple.
  9436 | D:7      | Found a blossoming altar of Fedhas.
  9516 | Temple   | Entered the Ecumenical Temple
  9759 | Temple   | Became a worshipper of Gozag Ym Sagoz the Greedy
  9817 | D:7      | Got an iridescent short sword
  9818 | D:7      | Identified the +1 short sword of the Ecumenical Temple
                  | {speed, Will+} (You found it on level 7 of the Dungeon)
 10089 | D:8      | Reached skill level 5 in Fighting
 10089 | D:8      | Reached skill level 4 in Hexes
 10255 | D:8      | Reached skill level 4 in Shields
 10255 | D:8      | Reached skill level 4 in Translocations
 10336 | D:8      | You fall into a shaft and drop 1 floor!
 10893 | D:9      | Reached skill level 5 in Hexes
 10898 | D:9      | Reached skill level 9 in Conjurations
 11181 | D:9      | Reached XP level 10. HP: 41/74 MP: 10/18
 11385 | D:9      | Reached skill level 5 in Translocations
 11477 | D:9      | Found a sparkling altar of Nemelex Xobeh.
 11482 | D:9      | Found a shadowy altar of Dithmenos.
 11484 | D:9      | Found a glowing silver altar of Zin.
 11486 | D:9      | Found a white marble altar of Elyvilon.
 11489 | D:9      | Found a hide-covered altar of Uskayaw.
 11745 | D:10     | Entered Level 10 of the Dungeon
 11762 | D:10     | Noticed a two-headed ogre
 11922 | D:9      | HP: 17/76 [wraith (4)]
 12392 | D:10     | Reached skill level 6 in Hexes
 12513 | D:10     | Reached skill level 6 in Fighting
 12879 | D:10     | Killed a two-headed ogre
 12880 | D:10     | Reached skill level 6 in Spellcasting
 12880 | D:10     | Reached skill level 6 in Translocations
 13112 | D:10     | Noticed Nergalle
 13267 | D:10     | Noticed a spectral orc warlord
 13268 | D:10     | HP: 16/69 [Nergalle/bolt of negative energy (11)]
 13273 | D:10     | HP: 14/69 [spectral orc warrior/+0 trident[Nergalle] (2)]
 13548 | D:10     | Noticed a spectral orc warlord
 13553 | D:10     | Killed Nergalle
 13566 | D:9      | HP: 19/77 [poisoned by a spectral orc warlord]
 13572 | D:9      | HP: 17/77 [poisoned by a spectral orc warlord]
 13579 | D:9      | HP: 15/77 [poisoned by a spectral orc warlord]
 13586 | D:9      | HP: 15/77 [poisoned by a spectral orc warlord]
 13594 | D:9      | HP: 14/77 [poisoned by a spectral orc warlord]
 13993 | D:10     | Reached skill level 7 in Hexes
 13993 | D:10     | Reached XP level 11. HP: 78/83 MP: 10/20
 14112 | D:10     | Found a staircase to the Orcish Mines.
 14896 | D:8      | Found a sparkling altar of Nemelex Xobeh.
 15112 | D:8      | Found a runed translucent gate.
 15112 | D:8      | Found a runed translucent gate.
 15112 | D:8      | Noticed Cheops's ghost (novice KoEE)
 15113 | D:8      | Found a runed translucent gate.
 15114 | D:8      | Noticed a ten-headed hydra
 15115 | D:8      | Noticed a ten-headed hydra
 15129 | D:8      | Found a burning altar of Makhleb.
 15131 | D:8      | Noticed a green death
 15472 | D:11     | HP: 7/83 [cyclops/large rock (43)]
 15479 | D:11     | HP: 6/83 [cyclops/large rock (2)]
 15486 | D:11     | HP: 10/83 [cyclops (31)]
 15487 | D:11     | HP: 3/83 [cyclops (8)]
 15488 | D:11     | Slain by a cyclops

Vanquished Creatures
  A two-headed ogre (D:10)
  Nergalle (D:10)
  An oklob plant (D:7)
  Grinder (D:6)
  A shadow (D:10)
  3 wraiths
  9 yaks
  A water moccasin (D:9)
  3 orc warriors
  2 ice beasts (D:6)
  3 phantoms
  A sky beast (D:10)
  4 ogres
  6 centaurs
  4 bullfrogs
  A big kobold (D:9)
  5 scorpions
  3 troll zombies (D:10)
  A water moccasin skeleton (D:5)
  7 wights
  12 killer bees
  4 hounds
  4 bullfrog skeletons
  3 orc priests
  A jelly (D:5)
  3 iguanas
  4 orc wizards
  A gnoll shaman (D:3)
  Ijyb (D:3)
  6 worker ants
  5 ogre zombies (D:10)
  3 hound skeletons
  A worker ant zombie (D:8)
  7 gnolls
  16 adders
  3 shadow imps
  2 white imps (D:5)
  3 ufetubi
  4 oozes (Sewer)
  2 adder zombies
  2 adder skeletons
  6 worms
  3 dart slugs
  7 leopard geckos
  28 orcs
  12 bats
  12 giant cockroaches
  5 goblins
  6 hobgoblins
  8 jackals
  9 kobolds
  7 quokkas
  2 ball pythons
  4 frilled lizards
  A goblin skeleton (D:10)
  3 goblin zombies (D:10)
  A hobgoblin skeleton (D:10)
  2 hobgoblin zombies (D:10)
  A leopard gecko skeleton (D:5)
  5 orc skeletons (D:10)
  13 orc zombies (D:10)
  6 rats
286 creatures vanquished.

Vanquished Creatures (others)
  14 fulminant prisms
  6 plants
20 creatures vanquished.

Grand Total: 306 creatures vanquished

Table legend:
 A = Non-vault XP
 B = Vault XP
 C = Vault XP percentage of total XP
 D = Non-vault monster count
 E = Vault monster count
 F = Vault count percentage of total count
                 A         B        C        D         E       F
            +---------+---------+-------+---------+---------+-------
      Total |    9007 |    2861 |  24.1 |     202 |      84 |  29.4
            +---------+---------+-------+---------+---------+-------
        D:1 |      31 |       0 |   0.0 |      19 |       0 |   0.0
        D:2 |      91 |       0 |   0.0 |      22 |       0 |   0.0
        D:3 |     129 |      36 |  21.8 |      17 |       1 |   5.6
        D:4 |     423 |       0 |   0.0 |      21 |       0 |   0.0
        D:5 |     402 |     214 |  34.7 |      15 |      13 |  46.4
        D:6 |     835 |     284 |  25.4 |      15 |       4 |  21.1
        D:7 |     534 |     535 |  50.0 |      17 |       1 |   5.6
        D:8 |    1496 |       0 |   0.0 |      22 |       0 |   0.0
        D:9 |    1703 |     205 |  10.7 |      30 |       1 |   3.2
       D:10 |    3363 |    1511 |  31.0 |      24 |      38 |  61.3
      Sewer |       0 |      76 | 100.0 |       0 |      26 | 100.0
            +---------+---------+-------+---------+---------+-------

Illustrated notes

Table legend:
 A = Kills in this place as a percentage of kills in entire the game.
 B = Kills by you in this place as a percentage of kills by you in the entire game.
 C = Kills by friends in this place as a percentage of kills by friends in the entire game.
 D = Other kills in this place as a percentage of other kills in the entire game.
 E = Experience gained in this place as a percentage of experience gained in the entire game.
 F = Experience gained in this place divided by the number of levels of this place that you have seen.
                   A       B       C       D       E      F
               +-------+-------+-------+-------+-------+----------------------
         Total | 100.0 | 100.0 |   N/A |   N/A | 100.0 | 912.9
       Dungeon |  90.9 |  90.9 |   N/A |   N/A |  99.4 | 1072.0
         Sewer |   9.1 |   9.1 |   N/A |   N/A |   0.6 |  76.0
               +-------+-------+-------+-------+-------+----------------------

Table legend: (Time is in decaauts)
 A = Elapsed time spent in this place.
 B = Non-inter-level travel time spent in this place.
 C = Inter-level travel time spent in this place.
 D = Time resting spent in this place.
 E = Time spent auto-exploring this place.
 F = Levels seen in this place.
 G = Mean time per level.
                   A        B        C        D        E       F      G
               +--------+--------+--------+--------+--------+-----+--------+
         Total |  15626 |  14783 |    843 |    218 |  12566 |  13 | 1202.0 |
       Dungeon |  14502 |  13717 |    785 |    218 |  11692 |  11 | 1318.4 |
        Temple |    268 |    211 |     57 |      0 |    210 |   1 |  268.0 |
         Sewer |    855 |    855 |      0 |      0 |    664 |   1 |  855.0 |
               +--------+--------+--------+--------+--------+-----+--------+

Top non-repeatable levels by time:
     D:9: 2722 daAuts
     D:7: 1625 daAuts
    D:10: 1412 daAuts
     D:5: 1409 daAuts
     D:2: 1406 daAuts
     D:4: 1386 daAuts
     D:3: 1218 daAuts
     D:6: 1217 daAuts
     D:8: 1079 daAuts
     D:1: 979 daAuts
   Sewer: 855 daAuts
  Temple: 268 daAuts
    D:11: 44 daAuts
